 Dungeon Crawl Stone Soup version 0.19.5 (webtiles) character file.

102 djnw the Caller (level 4, -4/30 HPs)
             Began as a Mummy Summoner on Mar 23, 2017.
             Slain by an orc
             ... wielding a +0 morningstar of protection
              (12 damage)
             ... on level 3 of the Dungeon.
             The game lasted 00:10:55 (2502 turns).

djnw the Caller (Mummy Summoner)                    Turns: 2502, Time: 00:10:58

Health: -4/30      AC:  3    Str: 11    XL:     4   Next: 49%
Magic:  0/8        EV: 12    Int: 18    God:
Gold:   127        SH:  0    Dex: 12    Spells: 3 memorised, 3 levels left

rFire  x x .     SeeInvis .     j - +0 whip
rCold  + + .     Gourm    .     a - +1 robe
rNeg   + + +     Faith    .     (no shield)
rPois  ∞         Spirit   .     (no helmet)
rElec  .         Reflect  .     (no cloak)
rCorr  .         Harm     .     (no gloves)
MR     .....                    (no boots)
Stlth  ++........               (no amulet)
                                f - +3 ring of intelligence
                                c - ring of ice

@: slowed, very slow
A: no food or potions, fire vulnerability, cold resistance 1, negative energy
resistance 3, torment resistance, unbreathing
a: no special abilities


You were on level 3 of the Dungeon.
You were not hungry.

You visited 1 branch of the dungeon, and saw 3 of its levels.

You collected 127 gold pieces.

Inventory:

Hand Weapons
 j - a +0 whip (weapon)
Armour
 a - a +1 robe (worn)
Jewellery
 c - a ring of ice (left hand)
 f - a +3 ring of intelligence (right hand)
Wands
 i - a wand of iceblast (7/15)
Scrolls
 d - 4 scrolls of identify
 g - 4 scrolls of remove curse
 h - a scroll of teleportation
 k - a scroll of blinking {unknown}
Books
 b - a book of Callings

   Spells                             Type                      Level
   a - Summon Small Mammal            Summoning                    1
   b - Call Imp                       Summoning                    2
   c - Call Canine Familiar           Summoning                    3
   d - Summon Guardian Golem          Hexes/Summoning              3
   e - Summon Lightning Spire         Summoning/Air                4
   f - Summon Ice Beast               Ice/Summoning                4
 e - a book of Misfortune

   Spells                             Type                      Level
   a - Confusing Touch                Hexes                        1
   b - Confuse                        Hexes                        3
   c - Gell's Gravitas                Hexes/Translocation          3
   d - Petrify                        Transmutation/Earth          4
   e - Metabolic Englaciation         Hexes/Ice                    5
   f - Yara's Violent Unravelling     Hexes/Transmutation          5


   Skills:
 - Level 1.5 Dodging
 - Level 1.5 Stealth
 + Level 3.2 Spellcasting
 * Level 4.2 Summonings


You had 3 spell levels left.
You knew the following spells:

 Your Spells              Type           Power        Failure   Level  Hunger
a - Summon Small Mammal   Summ           ###.         2%          1    N/A
b - Call Imp              Summ           ###.....     4%          2    N/A
c - Call Canine Familiar  Summ           ###.....     10%         3    N/A

Dungeon Overview and Level Annotations

Branches:
Dungeon (3/15)

Altars:
Makhleb
Xom


Innate Abilities, Weirdness & Mutations

You do not eat or drink.
Your flesh is vulnerable to fire.
You are immune to poison.
Your flesh is cold resistant. (rC+)
You are immune to negative energy. (rN+++)
You are immune to unholy pain and torment.
You can survive without breathing.


Message History

You hit the orc but do no damage.
The orc hits you with a morningstar of protection.
You hit the orc.
The orc is lightly wounded.
The orc hits you with a morningstar of protection. x2
You hit the orc.
The orc is lightly wounded.
The orc wizard mumbles some strange words.
The orc wizard blinks!
The orc wizard gestures wildly while chanting.
The orc wizard blinks!
The orc hits you with a morningstar of protection!
* * * LOW HITPOINT WARNING * * *
Casting: Call Canine Familiar
Confirm with . or Enter, or press ? or * to list all spells.
A beastly little devil appears in a puff of frigid air.
The orc wizard gestures wildly while chanting.
The orc wizard blinks!
The orc hits you with a morningstar of protection!
You die...

######### o..o..).#
######### #o#
...#.##.############o#
...........o.......#o#
.#################.#o###
.b.............5@o.....#
...............###)#.#§#
##############.# #.#.#.#
..........#.((.# #.#.#.#
.########h#)######.#.#.#
...................#.#.#
.................###.#.#
.....................#.#
..................[....#


You could see an orc wizard, an orc and a friendly white imp.

Vanquished Creatures
  3 adders (D:2)
  3 bats
  2 giant cockroaches
  5 goblins
  2 jackals (D:2)
  2 frilled lizards
  A kobold (D:3)
  4 rats
22 creatures vanquished.

Vanquished Creatures (collateral kills)
  3 adders
  An ooze (D:1)
  2 worms
  2 dart slugs
  A leopard gecko (D:1)
  9 orcs (D:3)
  2 bats
  2 giant cockroaches
  4 goblins
  3 hobgoblins
  3 jackals (D:2)
  2 quokkas (D:2)
  3 frilled lizards
  4 kobolds
  4 rats
45 creatures vanquished.

Grand Total: 67 creatures vanquished

Notes
Turn   | Place    | Note
-------+----------+-------------------------------------------
     0 | D:1      | djnw the Mummy Summoner began the quest for the Orb.
     0 | D:1      | Reached XP level 1. HP: 13/13 MP: 3/3
   209 | D:1      | Reached XP level 2. HP: 6/19 MP: 0/5
   550 | D:1      | Learned a level 2 spell: Call Imp
   799 | D:2      | Reached XP level 3. HP: 1/24 MP: 1/7
   804 | D:2      | Learned a level 3 spell: Call Canine Familiar
  1447 | D:2      | Reached skill level 4 in Summonings
  1843 | D:3      | Found a shimmering altar of Xom.
  1897 | D:2      | Reached XP level 4. HP: 22/30 MP: 1/8
  2115 | D:3      | Found a burning altar of Makhleb.
  2502 | D:3      | Slain by an orc

Skill      XL: |  1  2  3 |
---------------+----------+-----
Summonings     | 4 |  4.2
Spellcasting   | 3 |  3.2
Dodging        | |  1.5
Stealth        | |  1.5

Action                   |  1- 3 |  4- 6 || total
-------------------------+-------+-------++-------
Melee: Hand axe          |    68 |    10 ||    78
       Whip              |       |    24 ||    24
 Cast: Summon Small Mamm |    24 |     2 ||    26
       Call Imp          |     7 |     7 ||    14
       Call Canine Famil |     8 |     8 ||    16
  Use: Scroll            |     6 |       ||     6
 Stab: Distracted        |       |     1 ||     1
Armor: Robe              |    23 |    10 ||    33
Dodge: Dodged            |    68 |    30 ||    98
